 Dungeon Crawl Stone Soup version 0.29-a0-887-gcbe080d7e0 (webtiles) character file.

Game seed: 14417786072287783078

3 croobank the Firebug (level 1, 0/17 (18) HPs)
             Began as a Human Cinder Acolyte on July 21, 2022.
             Was a High Priest of Ignis.
             Slain by a quokka (3 damage)
             ... on level 1 of the Dungeon.
             The game lasted 00:00:43 (193 turns).

croobank the Firebug (Human Cinder Acolyte)          Turns: 193, Time: 00:00:43

HP:   0/17 (18)     AC:  2    Str: 14    XL:     1   Next: 55%
MP:   2/2           EV: 11    Int: 14    God:    Ignis [*****.]
Gold: 7             SH:  0    Dex:  8    Spells: 2/2 levels left

rFire   + . .      SeeInvis .   d - +0 trident
rCold   . . .      Faith    .   (no shield)
rNeg    . . .      Spirit   .   b - +0 robe
rPois   .          Reflect  .   (no helmet)
rElec   .          Harm     .   (no cloak)
rCorr   .          Rampage  .   (no gloves)
Will    .....                   (no boots)
Stlth   +.........              (no amulet)
HPRegen 0.05/turn               (no ring)
MPRegen 0.08/turn               (no ring)

@: drained
A: no striking features
a: Renounce Religion, Fiery Armour, Foxfire Swarm, Rising Flame


You were on level 1 of the Dungeon.
You worshipped Ignis.
Ignis was extremely pleased with you.
You visited 1 branch of the dungeon, and saw 1 of its levels.

You collected 7 gold pieces.

Inventory:

Hand Weapons
 a - a -1 hand axe of flaming
 d - a +0 trident (weapon)
 g - a +1 dagger of draining
Missiles
 h - 5 stones (quivered)
Armour
 b - a +0 robe (worn)
Scrolls
 c - 2 scrolls of identify {unknown}
 e - 2 scrolls of fear {unknown}
 f - a scroll of poison {unknown}


   Skills:
 + Level 3.0 Fighting
 + Level 3.0 Axes
 + Level 1.1 Spellcasting
 + Level 3.0 Fire Magic


You had 2 spell levels left.
You didn't know any spells.
Your spell library contained the following spells:

 Spells                   Type           Power      Damage    Failure   Level
 Scorch                   Fire           18%        2d5       11%         2


Dungeon Overview and Level Annotations

Branches:
Dungeon (1/15)

Altars:


Message History

No target in view!
You puncture the ball python!
You kill the ball python!
No target in view!
You see here a ball python corpse.
A kobold comes into view. It is wielding a +1 dagger of draining.
The kobold shouts!
The kobold throws a stone.
The stone barely misses you.
Found a scroll labelled PUMALU ZANEGYR and a lumpy brown potion.
You hit the kobold but do no damage. The kobold barely misses you.
You barely miss the kobold.
The kobold hits you with a +1 dagger of draining.
You feel drained.
You hit the kobold.
You kill the kobold!
No target in view!
No target in view!
No target in view!
Things that are here:
a +1 dagger of draining; 5 stones
g - a +1 dagger of draining
h - 5 stones Unknown command.
A quokka comes into view.
A quokka is nearby!
You closely miss the quokka. The quokka barely misses you.
You barely miss the quokka. The quokka barely misses you. x2
You completely miss the quokka. The quokka bites you.
You hit the quokka but do no damage. The quokka bites you.
The quokka misses you.
You are too injured to fight recklessly!
You are too injured to fight recklessly!
You are too injured to fight recklessly!
You are too injured to fight recklessly!
You don't know any spells.
You closely miss the quokka. The quokka bites you.
You barely miss the quokka. The quokka bites you.
* * * LOW HITPOINT WARNING * * *
The quokka bites you.
You die...

#.....#####†#.......
#.....##......### ##
#.....##......# ##.
##.....##......# ..
.......##......##.##
...######......#...
...# #....#.#.# ...#
#..!.#...# ...#
#....#..@# ...#
#######.r# ...#
..... ...# ####.#.
...# ..#?! #### #..
.. ##. ..# . ##


You could see a quokka.

Vanquished Creatures
  A ball python (D:1)
  A kobold (D:1)
  A bat (D:1)
3 creatures vanquished.

Notes
Turn   | Place    | Note
-------+----------+-------------------------------------------
     0 | D:1      | croobank the Human Cinder Acolyte began the quest for the
                  | Orb.
     0 | D:1      | Reached XP level 1. HP: 18/18 MP: 2/2
   193 | D:1      | Slain by a quokka

Illustrated notes

Levels and vault maps discovered:
D:1:      lemuel_arrival_hallway, layout_basic

Action                   || total
-------------------------++-------
Melee: Trident           ||    17
Armor: Robe              ||     8
Dodge: Dodged            ||    10

Table legend: (Time is in decaauts)
 A = Elapsed time spent in this place.
 B = Non-inter-level travel time spent in this place.
 C = Inter-level travel time spent in this place.
 D = Time resting spent in this place.
 E = Time spent auto-exploring this place.
 F = Levels seen in this place.
 G = Mean time per level.
                   A        B        C        D        E       F      G
               +--------+--------+--------+--------+--------+-----+--------+
         Total |    195 |    195 |      0 |      0 |    141 |   1 |  195.0 |
       Dungeon |    195 |    195 |      0 |      0 |    141 |   1 |  195.0 |
               +--------+--------+--------+--------+--------+-----+--------+

Top non-repeatable levels by time:
     D:1: 195 daAuts
